Map: Berlingrad LE

Players

Slasher

  • Race: Terran Terran

toughboy - Winner!

  • Race: Terran Terran
  • League: Diamond

VOD

Have the link to the VOD?

Description

Time

  • Played on: March 27, 2022, 1:09 a.m.
  • Length: 19:22
Show
View Real Time Build Order
Export as new Build Order

Slasher Terran 

Build Orders: Reaper Expand 

Get SALT Encoding   

  12  0:01  SCV  
  13  0:13  Supply Depot  
  13  0:17  SCV  
  14  0:29  SCV  
  15  0:37  Barracks  
  15  0:43  Refinery  
  15  0:44  SCV  
  16  1:01  SCV  
  17  1:13  SCV  
  18  1:26  Reaper, Orbital Command  
  19  1:43  Command Center  
  19  1:54  Supply Depot  
  19  1:57  SCV  
  19  1:59  Reaper  
  21  2:09  SCV  
  22  2:24  SCV  
  22  2:27  Barracks  
  22  2:29  Barracks  
  23  2:30  Refinery  
  23  2:31  Reaper  
  24  2:40  SCV  
  25  2:45  Factory  
  25  2:52  SCV  
  26  2:59  Orbital Command  
  26  3:02  Bunker  
  26  3:05  Barracks Reactor  
  26  3:08  SCV  
  27  3:17  Barracks Tech Lab  
  27  3:18  Marine  
  28  3:20  SCV  
  30  3:27  SCV  
  30  3:33  Factory Reactor  
  30  3:34  Starport  
  27  3:44  Marine  
  27  3:45  Marine x2  
  30  3:54  Marine  
  30  3:55  SCV x2  
  29  4:02  Marine x2  
  30  4:05  Marine  
  32  4:11  Marine  
  32  4:15  SCV  
  32  4:16  SCV  
  35  4:19  Stimpack  
  35  4:20  Marine x2  
  35  4:23  Marine  
  38  4:26  Factory Tech Lab  
  38  4:29  Marine  
  38  4:44  Engineering Bay  
  37  4:46  Medivac x2  
  37  4:48  SCV x2  
  43  4:53  Barracks Reactor  
  43  5:00  Marine x2, SCV  
  46  5:07  Supply Depot  
  46  5:11  Missile Turret  
  46  5:15  Missile Turret  
  46  5:26  Missile Turret  
  46  5:28  Siege Tank  
  46  5:34  Terran Infantry Weapons Level 1  
  49  5:35  SCV  
  49  5:37  SCV  
  51  5:45  Marine x2  
  51  5:48  SCV  
  54  5:53  SCV  
  55  5:59  Combat Shield  
  55  6:00  SCV  
  55  6:02  Marine  
  57  6:05  SCV  
  57  6:08  Marine x2  
  60  6:12  SCV  
  60  6:14  Marine  
  62  6:21  Supply Depot  
  62  6:27  Supply Depot  
  62  6:41  Marine, SCV x2  
  62  6:42  Siege Tank  
  63  6:49  Marine x4  
  63  6:53  SCV x2  
  69  6:57  Medivac x2  
  69  6:59  Marine  
  67  7:05  SCV  
  67  7:07  Marine  
  69  7:09  SCV  
  69  7:14  Siege Tank  
  73  7:17  SCV  
  74  7:23  SCV  
  74  7:25  Command Center  
  69  7:37  SCV  
  69  7:39  Refinery, Marine x2  
  69  7:40  Medivac  
  69  7:41  Medivac, Refinery  
  76  7:46  Barracks  
  76  7:49  Barracks  
  76  7:50  Supply Depot  
  76  7:52  SCV x2  
  78  8:02  Terran Infantry Armor Level 1  
  78  8:08  Supply Depot x2  
  78  8:10  Marine x2  
  78  8:12  SCV x2  
  80  8:20  Marine x3  
  80  8:24  SCV x2  
  85  8:29  Siege Tank  
  85  8:30  Medivac  
  90  8:36  SCV x2  
  91  8:43  Orbital Command  
  91  8:47  Missile Turret  
  91  8:48  SCV x2  
  93  8:49  Marine x2  
  81  9:02  Marine, Barracks Reactor  
  67  9:04  Medivac x2  
  71  9:13  Engineering Bay, SCV x2  
  71  9:16  Marine x2  
  71  9:17  Marine  
  68  9:21  Barracks Reactor  
  69  9:24  Marine x2  
  71  9:31  Supply Depot  
  71  9:34  Supply Depot, Marine  
  72  9:43  Viking x2  
  69  9:49  Marine x5  
  68  10:00  Marine  
  68  10:01  Marine x3  
  68  10:06  Armory  
  68  10:07  Supply Depot  
  72  10:08  Supply Depot  
  72  10:13  Viking x2  
  75  10:29  Marine x3  
  75  10:31  SCV  
  79  10:43  Viking x2  
  79  10:44  Marine x3  
  79  10:46  SCV  
  87  10:54  Command Center  
  87  10:55  Refinery  
  85  10:58  Marine  
  85  10:59  Siege Tank, Marine  
  80  11:23  Marine  
  80  11:24  Marine x3  
  83  11:25  Marine  
  83  11:26  Terran Infantry Weapons Level 2, Marine  
  83  11:31  Siege Tank  
  86  11:40  SCV  
  86  11:41  SCV  
  86  11:43  Refinery  
  87  11:48  Marine x2  
  87  11:49  Terran Infantry Armor Level 2, Marine x2  
  87  11:52  Orbital Command  
  91  11:55  Terran Vehicle Weapons Level 1  
  91  11:58  SCV  
  92  12:03  Siege Tank  
  92  12:07  Marine x4  
  92  12:08  Orbital Command  
  99  12:13  Sensor Tower  
  96  12:23  SCV x2  
  96  12:24  SCV  
  96  12:26  Marine x4  
  103  12:35  SCV x3  
  103  12:36  Siege Tank, Marine x3  
  112  13:11  Marine x4  
  116  13:14  SCV  
  116  13:15  SCV x2  
  116  13:16  Siege Tank  
  116  13:18  Medivac x2  
  126  13:24  Marine x3  
  129  13:33  Marine x3  
  129  13:34  Marine x2  
  103  13:45  Marine x4  
  103  13:48  Medivac x2, Siege Tank  
  110  13:55  Marine x2  
  113  13:56  Marine x3  
  113  13:57  Orbital Command  
  113  14:00  Orbital Command  
  113  14:02  Marine  
  111  14:03  Marine x3  
  113  14:13  Marine  
  114  14:18  Medivac x2  
  114  14:19  SCV x2  
  114  14:22  SCV  
  121  14:28  SCV  
  116  14:31  SCV  
  116  14:32  SCV  
  116  14:34  SCV  
  119  14:40  SCV  
  119  14:42  Marine x4  
  119  14:43  Terran Infantry Weapons Level 3, SCV  
  125  14:48  Medivac  
  117  15:02  Marine  
  117  15:03  Marine x4  
  117  15:04  Siege Tank  
  117  15:05  Marine x2  
  127  15:11  SCV x3  
  130  15:15  SCV  
  130  15:18  Marine  
  132  15:23  SCV x2  
  133  15:29  Marine x2  
  133  15:32  Marine  
  133  15:35  SCV x3  
  133  15:41  Marine x2  
  133  15:42  Terran Infantry Armor Level 3  
  135  15:44  Terran Vehicle Weapons Level 2  
  135  15:47  SCV  
  135  15:48  SCV  
  135  15:49  SCV  
  138  15:50  SCV  
  139  15:59  SCV, Sensor Tower  
  139  16:00  SCV  
  139  16:01  Refinery x2, Marine x2  
  143  16:04  Supply Depot  
  143  16:06  Supply Depot  
  143  16:15  Marine  
  143  16:16  Siege Tank, Marine  
  101  16:43  Marine  
  101  16:44  Marine x4  
  100  16:48  Siege Tank  
  100  16:52  Marine  
  102  16:57  Marine  
  102  16:58  Marine x2  
  105  17:05  Barracks x2  
  105  17:06  Barracks, Marine x2  
  107  17:19  Marine x5  
  107  17:20  Siege Tank, Marine x2  
  114  17:28  Marine x2  
  116  17:37  Marine x4  
  101  17:45  Marine x3  
  101  17:53  Siege Tank  
  101  17:54  Marine  
  104  17:59  Marine x4  
  104  18:00  Marine  
  104  18:03  Marine x3  
  104  18:04  Factory  
  112  18:07  Viking x2  
  104  18:16  Marine  
  104  18:17  Marine x5  
  104  18:19  Barracks Reactor x2  
  97  18:21  Marine x2, Barracks Reactor  
  97  18:25  Siege Tank  
  89  18:27  Marine  
  89  18:34  Marine  
  89  18:35  Marine x2  
  80  18:51  Marine  
  80  18:52  Marine  
  76  18:57  Marine x5  
  76  18:58  Marine  
Show
View Real Time Build Order
Export as new Build Order

toughboy Terran - Winner!

Build Orders:  

Get SALT Encoding   

  12  0:00  SCV  
  13  0:13  SCV  
  14  0:17  Supply Depot  
  14  0:25  SCV  
  15  0:38  SCV  
  15  0:39  Barracks  
  16  0:46  Refinery  
  16  0:51  SCV  
  16  0:52  Refinery  
  17  1:03  SCV  
  18  1:15  SCV  
  19  1:27  Reaper  
  19  1:29  Orbital Command, Supply Depot  
  20  1:46  Factory  
  20  1:56  SCV  
  20  2:00  Reaper  
  22  2:08  SCV  
  23  2:20  SCV  
  23  2:31  Hellion  
  23  2:32  Reaper, SCV  
  27  2:38  Command Center  
  27  2:47  SCV  
  27  2:50  Starport  
  28  2:54  Hellion  
  30  2:59  SCV  
  30  3:02  Supply Depot  
  31  3:11  Barracks Reactor  
  31  3:15  Factory Tech Lab  
  31  3:24  SCV  
  31  3:27  Supply Depot  
  32  3:28  Starport Tech Lab  
  32  3:36  SCV  
  32  3:40  Refinery  
  31  3:43  Cyclone  
  34  3:59  Orbital Command  
  34  4:00  Raven, SCV  
  37  4:12  SCV  
  37  4:15  Siege Tank  
  41  4:19  Marine x2  
  41  4:24  SCV x2  
  44  4:27  Supply Depot  
  45  4:36  SCV x2  
  42  4:46  Marine  
  42  4:48  Raven, SCV x2  
  47  4:54  Siege Tank  
  47  4:55  Bunker  
  50  5:00  SCV  
  50  5:01  Marine, SCV  
  50  5:04  Marine  
  54  5:09  Bunker  
  54  5:12  SCV  
  54  5:13  SCV  
  56  5:19  Marine  
  57  5:22  Marine  
  57  5:24  SCV  
  57  5:25  SCV  
  57  5:26  Command Center  
  60  5:30  Siege Tank  
  63  5:36  SCV  
  63  5:37  SCV  
  65  5:48  SCV  
  65  5:49  SCV  
  67  5:53  Refinery  
  67  5:54  Viking  
  69  6:01  Viking, SCV x2  
  69  6:03  Barracks  
  73  6:04  Barracks, Engineering Bay  
  73  6:10  Engineering Bay  
  73  6:24  Supply Depot  
  73  6:26  Viking  
  73  6:28  Siege Tank  
  73  6:30  Stimpack  
  78  6:37  Viking  
  72  6:53  Barracks Reactor x2  
  72  7:00  Terran Infantry Weapons Level 1, Terran Infantry Armor Level 1  
  72  7:01  Orbital Command  
  72  7:07  SCV x2  
  74  7:18  Siege Tank  
  74  7:19  SCV  
  74  7:20  SCV  
  79  7:23  Marine  
  80  7:31  SCV  
  80  7:32  SCV  
  82  7:39  Marine x4  
  82  7:41  Marine  
  82  7:44  SCV x2  
  89  7:47  Barracks  
  89  7:48  Barracks  
  89  7:51  Medivac  
  89  7:52  Medivac  
  93  8:08  Marine, SCV x3  
  93  8:09  Supply Depot  
  93  8:10  Supply Depot, Armory  
  97  8:13  Missile Turret  
  97  8:14  Missile Turret  
  97  8:20  SCV  
  81  9:01  Marine  
  81  9:02  Marine x4  
  86  9:05  Siege Tank, Barracks Reactor x2  
  89  9:11  Factory  
  86  9:19  Marine x3  
  86  9:20  Marine x2  
  91  9:25  Orbital Command  
  91  9:30  Terran Infantry Weapons Level 2  
  91  9:31  Terran Infantry Armor Level 2  
  91  9:37  Marine x3  
  94  9:47  Marine  
  94  9:48  Marine x5  
  100  9:58  Marine x3  
  85  10:00  Medivac x2  
  103  10:02  Siege Tank  
  103  10:03  Factory Tech Lab  
  103  10:05  Marine  
  111  10:16  Marine x4  
  111  10:17  Marine  
  111  10:21  SCV  
  117  10:31  Supply Depot  
  117  10:32  Supply Depot  
  117  10:52  Siege Tank, Marine x2, SCV x3  
  117  10:53  Siege Tank, Marine x3  
  131  11:01  Marine  
  131  11:02  Medivac  
  132  11:04  SCV  
  132  11:06  SCV x2  
  132  11:08  Command Center  
  129  11:17  SCV  
  126  11:24  Siege Tank  
  129  11:25  Siege Tank  
  132  11:37  Marine  
  132  11:38  Marine x2  
  118  11:43  Marine x3  
  118  11:44  Medivac, Marine x3  
  118  11:45  Medivac  
  125  11:50  Terran Infantry Weapons Level 3  
  125  11:51  Terran Infantry Armor Level 3  
  125  11:53  Missile Turret  
  123  11:55  Marine x2  
  123  11:56  Siege Tank, Marine, Missile Turret  
  123  11:58  Siege Tank  
  123  12:00  Missile Turret  
  123  12:01  Marine, Sensor Tower  
  132  12:05  Refinery  
  132  12:06  Refinery  
  132  12:08  Supply Depot, Terran Vehicle Weapons Level 1  
  133  12:09  Supply Depot  
  133  12:13  SCV x2  
  135  12:19  Marine x2  
  135  12:20  Marine x4  
  136  12:25  SCV  
  136  12:29  Siege Tank  
  140  12:33  Sensor Tower  
  140  12:37  SCV  
  141  12:47  Marine x8  
  141  12:51  SCV x4  
  152  13:03  Marine, SCV  
  152  13:04  Marine  
  152  13:05  Marine x6  
  159  13:09  Medivac  
  159  13:10  Siege Tank  
  151  13:37  Marine x7  
  151  13:38  Medivac, Marine  
  151  13:39  Medivac  
  151  13:40  Siege Tank  
  161  13:42  Siege Tank  
  161  13:45  Missile Turret  
  161  13:46  Missile Turret  
  152  13:59  Marine x6  
  152  14:00  Marine x2  
  153  14:04  Marine  
  153  14:08  Medivac  
  153  14:09  Medivac  
  140  14:10  Planetary Fortress  
  140  14:12  SCV x3  
  140  14:14  Barracks x2  
  140  14:17  Marine x3  
  137  14:24  SCV x2  
  138  14:40  Siege Tank x2  
  138  14:41  Command Center  
  144  14:48  Refinery  
  144  14:49  SCV x3  
  142  15:01  Marine x4  
  142  15:02  Marine x5  
  142  15:06  Barracks Reactor x2  
  151  15:07  Medivac x2  
  146  15:34  SCV x2  
  133  15:43  Refinery x2  
  133  15:47  Command Center  
  133  15:54  Marine x7  
  133  15:55  Marine x6  
  146  15:57  Missile Turret x3  
  146  15:58  Neosteel Armor, Hi-Sec Auto Tracking  
  146  15:59  Terran Vehicle Weapons Level 2  
  146  16:04  Planetary Fortress  
  146  16:07  Factory  
  146  16:10  Sensor Tower  
  146  16:15  Marine x7  
  146  16:16  Marine x3  
  144  16:27  Siege Tank x2  
  144  16:31  Marine x3  
  144  16:32  Marine x2  
  144  16:33  Marine x2  
  144  16:37  Marine x3  
  144  16:38  Marine x3  
  132  16:45  SCV x2  
  132  16:46  SCV x2  
  136  16:49  Marine  
  136  16:53  Missile Turret  
  137  16:57  SCV  
  137  16:58  SCV x3  
  137  16:59  Siege Tank x2  
  137  17:01  Marine x7  
  147  17:02  Marine x2  
  147  17:05  Medivac x2  
  158  17:09  SCV  
  159  17:22  Marine x7  
  164  17:23  Marine x2  
  164  17:26  Planetary Fortress  
  168  17:31  Siege Tank  
  168  17:35  Medivac x2  
  159  17:44  Marine  
  159  17:45  Marine x6  
  159  17:49  Marine x5  
  163  18:01  Marine  
  163  18:02  Marine x2  
  163  18:03  Marine  
  167  18:14  Marine x5  
  167  18:15  Marine x4  
  167  18:16  SCV  
  167  18:17  SCV x2  
  167  18:19  Marine  
  180  18:20  Starport x2  
  180  18:25  Marine x3  
  183  18:32  Marine x3  
  177  18:36  Liberator x2  
  177  18:38  SCV  
  177  18:40  SCV  
  177  18:41  SCV x3  
  173  18:50  Marine, SCV  
  173  18:51  Marine x8  
  173  18:52  Marine x2  
  173  18:53  SCV  
  178  19:01  Marine x2  
  164  19:18  Command Center  
Tags
 
Add a new tag
Caveats
  • Supply blocks, unpowered buildings, or Contaminate may cause inaccurate times.
  • Supply counts are checked every 10 seconds.